 Dungeon Crawl Stone Soup version 0.30-a0-743-gbfdf073431 (webtiles) character file.

Game seed: 13999987696774672595

28 tilp the Shield-Bearer (level 3, -1/31 HPs)
             Began as a Meteoran Fighter on Feb 5, 2023.
             Succumbed to a kobold's poison
             ... on level 3 of the Dungeon.
             The game lasted 00:02:14 (513 turns).

tilp the Shield-Bearer (Meteoran Fighter)            Turns: 513, Time: 00:02:14

Health: -1/31      AC:  9    Str: 18    XL:     3   Next: 47%
Magic:  4/4        EV:  9    Int:  9    God:
Gold:   70         SH:  5    Dex: 15    Spells: 2/2 levels left

rFire   . . .      SeeInvis .    a - +0 long sword
rCold   . . .      Faith    .    c - +0 buckler
rNeg    . . .      Spirit   .    b - +0 scale mail
rPois   .          Reflect  .    m - +1 hat
rElec   .          Harm     .    h - +0 cloak
rCorr   .          Rampage  .    (no gloves)
Will    .....                    (no boots) Stlth
                                 (no amulet)
HPRegen 0.25/turn                (no ring)
MPRegen 0.09/turn                (no ring)

@: lethally poisoned (-1 -> -7), glowing
A: sense surroundings 1, otherworldly, glowing, explore regen
a: no special abilities


You were on level 3 of the Dungeon.
You visited 1 branch of the dungeon, and saw 3 of its levels.

You collected 70 gold pieces.

Inventory:

Hand Weapons
 a - a +0 long sword (weapon)
Missiles
 k - 3 stones (quivered)
Armour
 b - a +0 scale mail (worn)
 c - a +0 buckler (worn)
 h - a +0 cloak (worn)
 m - a +1 hat (worn)
Scrolls
 e - a scroll of noise {unknown}
 f - a scroll of magic mapping {unknown}
 g - a scroll of poison {unknown}
 i - a scroll of teleportation {unknown}
 j - a scroll of amnesia {unknown}
Potions
 d - a potion of might
 l - a potion of degeneration {unknown}
 n - a potion of haste {unknown}
 o - a potion of lignification {unknown}


   Skills:
 + Level 3.4 Fighting
 * Level 3.0 Long Blades
 + Level 3.8 Armour
 * Level 1.4 Dodging
 + Level 0.4 Stealth
 + Level 3.8 Shields


You had 2 spell levels left.
You didn't know any spells.
Your spell library was empty.

Dungeon Overview and Level Annotations

Branches:
Dungeon (3/15) Zot: 1267

Altars:


Innate Abilities, Weirdness & Mutations

You passively map a small area around you.
You are easily found by Zot.
You glow in the dark.
You regain HP and MP as you explore.


Message History

You barely miss the bat. The bat closely misses you.
The kobold hits you but does no damage.
You are poisoned.
The bat barely misses you.
You barely miss the bat.
You feel very sick. The bat barely misses you.
The bat hits you but does no damage. The kobold hits you but does no damage.
You are more poisoned.
The bat barely misses you.
The kobold hits you with a +1 dagger of venom.
You are more poisoned.
You miss the bat.
You feel very sick. You block the bat's attack.
The kobold hits you with a +1 dagger of venom.
You are more poisoned.
You are too injured to fight recklessly!
You are too injured to fight recklessly!
You slash the kobold!
You kill the kobold!
* * * LOW HITPOINT WARNING * * *
You feel extremely sick. The bat closely misses you.
Unknown command.
* * * LOW HITPOINT WARNING * * *
You feel very sick. The bat hits you but does no damage.
The bat attacks as you move away! You block the bat's attack.
* * * LOW HITPOINT WARNING * * *
You feel very sick. You block the bat's attack.
* * * LOW HITPOINT WARNING * * *
You feel very sick. You block the bat's attack. The bat misses you.
The bat attacks as you move away! The bat barely misses you.
* * * LOW HITPOINT WARNING * * *
You feel sick. The bat hits you but does no damage.
A frilled lizard comes into view.
You die...

, , ..# #.* #.# .#*#.#
#.###.# .# #.#
#.....###. #.#
...#..##.. #.#
......##.#* #.# *
......##.####.### ,
....#.##........####.#
...<...!......#.@....#
#.#######.#...#.####.#*
* #, #.#)#...... * * *
#...#...##. , #.#####.#
#.. ..# , ### #.l ,,
.... , * * ,


There were no monsters in sight!

Vanquished Creatures
  2 dart slugs (D:1)
  A bat (D:1)
  2 endoplasms (D:1)
  A giant cockroach (D:1)
  2 goblins (D:1)
  2 hobgoblins (D:2)
  A kobold (D:3)
  2 quokkas (D:1)
  3 ball pythons
  2 frilled lizards
  4 rats
22 creatures vanquished.

Notes
Turn   | Place    | Note
-------+----------+-------------------------------------------
     0 | D:1      | tilp the Meteoran Fighter began the quest for the Orb.
     0 | D:1      | Reached XP level 1. HP: 19/19 MP: 2/2
    29 | D:1      | Found a faded altar of an unknown god.
    63 | D:1      | Reached XP level 2. HP: 26/26 MP: 3/3
   191 | D:1      | Reached skill level 1 in Dodging
   292 | D:1      | Reached XP level 3. HP: 23/31 MP: 4/4
   512 | D:3      | HP: 1/31 [poisoned by a kobold]
   513 | D:3      | Succumbed to a kobold's poison

Illustrated notes

Levels and vault maps discovered:
D:1:      dpeg_arrival_tiny_h, layout_rooms,
          hellmonk_ecumenical_altar_crossroads
D:2:      layout_basic, serial_bayou_crossing, uniq_natasha, uniq_terence
D:3:      layout_loops_cross

Skill      XL: |  1  2  3 |
---------------+----------+-----
Dodging        | 1 |  1.4
Long Blades    | 3 |  3.0
Fighting       | |  3.4
Armour         | |  3.8
Stealth        | |  0.4
Shields        | |  3.8

Action                     || total
---------------------------++-------
  Melee: Long sword        ||    68
 Armour: Scale mail        ||    39
  Dodge: Dodged            ||    42
  Block: Buckler           ||    19

Table legend: (Time is in decaauts)
 A = Elapsed time spent in this place.
 B = Non-inter-level travel time spent in this place.
 C = Inter-level travel time spent in this place.
 D = Time resting spent in this place.
 E = Time spent auto-exploring this place.
 F = Levels seen in this place.
 G = Mean time per level.
                   A        B        C        D        E       F      G
               +--------+--------+--------+--------+--------+-----+--------+
         Total |    532 |    532 |      0 |      0 |      0 |   3 |  177.3 |
       Dungeon |    532 |    532 |      0 |      0 |      0 |   3 |  177.3 |
               +--------+--------+--------+--------+--------+-----+--------+

Top non-repeatable levels by time:
     D:1: 321 daAuts
     D:2: 186 daAuts
     D:3: 25 daAuts
